SAAA
TREMONT DOUBLEDAYS @ PLYMOUTH ROCKS
07/18/2034
 
TOP OF THE 1ST
Tremont Doubledays batting - Pitching for Plymouth Rocks : RHP Arturo Gramer
Pitching: RHP Arturo Gramer
Batting: RHB Jorge Rodríguez 0-0: Swinging Strike
0-1: Foul Ball, location: 2F
0-2: Ball
1-2: Foul Ball, location: 2F
1-2: Foul Ball, location: 2F
1-2: Foul Ball, location: 2F
1-2: Strikes out swinging, 2-3 out at first.
Batting: RHB Armaan Ebrahim 0-0: SOLO HOME RUN (Flyball, 78XD), Distance : 442 ft
Batting: RHB Dan Chrzan 0-0: Ball
1-0: Ground out 6-3 (Groundball, 6M)
Batting: RHB Héctor Amaya 0-0: Ground out 6-3 (Groundball, 6)
Top of the 1st over - 1 run, 1 hit, 0 errors, 0 left on base; Tremont 1 - Plymouth 0
BOTTOM OF THE 1ST
Plymouth Rocks batting - Pitching for Tremont Doubledays : RHP Bob Shepard
Pitching: RHP Bob Shepard
Batting: LHB Octávio Ontiveros 0-0: Ball
1-0: Ball
2-0: Called Strike
2-1: Foul Ball, location: 2F
2-2: Fly out, F8 (Flyball, 78D)
Batting: SHB Javier Vega 0-0: Called Strike
0-1: Swinging Strike
0-2: Ball
1-2: SINGLE (Line Drive, 4)
Batting: RHB Alfonso Grappasonni 0-0: Ball
1-0: SINGLE (Groundball, 56) (infield hit)
Javier Vega to second
Batting: LHB Jesús Guillén 0-0: Ball
1-0: SINGLE (Groundball, 34) (infield hit)
Javier Vega to third
Alfonso Grappasonni to second
Batting: RHB Xi-ku See-to 0-0: Called Strike
0-1: Swinging Strike
0-2: Strikes out looking
Batting: RHB Chang-lit Min 0-0: Called Strike
0-1: Fly out, F9 (Flyball, 9)
Bottom of the 1st over - 0 runs, 3 hits, 0 errors, 3 left on base; Tremont 1 - Plymouth 0
TOP OF THE 2ND
Tremont Doubledays batting - Pitching for Plymouth Rocks : RHP Arturo Gramer
Batting: RHB Jeff Perkins 0-0: Swinging Strike
0-1: Swinging Strike
0-2: Ball
1-2: Ball
2-2: Ball
3-2: Base on Balls
Batting: RHB Sheldon Deshotels 0-0: Foul Ball, location: 2F
0-1: Foul Ball, location: 2F
0-2: Ball
1-2: Foul Ball, location: 2F
1-2: Ball
2-2: Ball
3-2: Grounds into double play, 4-6-3 (Groundball, 4)
Batting: RHB Javier De La Garza 0-0: Ball
1-0: Called Strike
1-1: Foul Ball, location: 2F
1-2: Ball
2-2: Ball
3-2: Strikes out swinging
Top of the 2nd over - 0 runs, 0 hits, 0 errors, 0 left on base; Tremont 1 - Plymouth 0
BOTTOM OF THE 2ND
Plymouth Rocks batting - Pitching for Tremont Doubledays : RHP Bob Shepard
Batting: LHB Jeff Lawson 0-0: Ball
1-0: Called Strike
1-1: Ball
2-1: SINGLE (Groundball, 34) (infield hit)
Batting: LHB Dae-ik Park 0-0: Ball
1-0: Ball
2-0: Grounds into double play, 5-4-3 (Groundball, 56)
Batting: RHB Kazu Hishida 0-0: Ball
1-0: Called Strike
1-1: Foul Ball, location: 2F
1-2: Ground out 4-3 (Groundball, 4)
Bottom of the 2nd over - 0 runs, 1 hit, 0 errors, 0 left on base; Tremont 1 - Plymouth 0
TOP OF THE 3RD
Tremont Doubledays batting - Pitching for Plymouth Rocks : RHP Arturo Gramer
Batting: RHB Louis Teague 0-0: Ball
1-0: Ball
2-0: Ball
3-0: Called Strike
3-1: Base on Balls
Batting: RHB Jesús Jaramillo 0-0: Foul Ball, location: 2F
0-1: Ball
1-1: Ball
2-1: Called Strike
2-2: Ball
3-2: Foul Ball, location: 2F
3-2: Grounds into double play, 6-4-3 (Groundball, 6)
Batting: RHB Jorge Rodríguez 0-0: Ball
1-0: Ball
2-0: Foul Ball, location: 2F
2-1: Hit by Pitch
Batting: RHB Armaan Ebrahim 0-0: Fly out, F9 (Flyball, 89XD)
Top of the 3rd over - 0 runs, 0 hits, 0 errors, 1 left on base; Tremont 1 - Plymouth 0
BOTTOM OF THE 3RD
Plymouth Rocks batting - Pitching for Tremont Doubledays : RHP Bob Shepard
Batting: LHB Octávio Ontiveros 0-0: Fly out, F8 (Flyball, 8LD)
Batting: SHB Javier Vega 0-0: Ball
1-0: Ground out 4-3 (Groundball, 4)
Batting: RHB Alfonso Grappasonni 0-0: Foul Ball, location: 2F
0-1: SINGLE (Line Drive, 4M)
Batting: LHB Jesús Guillén 0-0: Foul Ball, location: 2F
0-1: Fly out, F8 (Flyball, 8RM)
Bottom of the 3rd over - 0 runs, 1 hit, 0 errors, 1 left on base; Tremont 1 - Plymouth 0
TOP OF THE 4TH
Tremont Doubledays batting - Pitching for Plymouth Rocks : RHP Arturo Gramer
Batting: RHB Dan Chrzan 0-0: Ball
1-0: Ball
2-0: Fly out, F7 (Flyball, 78D)
Batting: RHB Héctor Amaya 0-0: Called Strike
0-1: Called Strike
0-2: Foul Ball, location: 2F
0-2: Ball
1-2: Strikes out swinging
Batting: RHB Jeff Perkins 0-0: Called Strike
0-1: Ball
1-1: Ball
2-1: Swinging Strike
2-2: Ball
3-2: Strikes out looking
Top of the 4th over - 0 runs, 0 hits, 0 errors, 0 left on base; Tremont 1 - Plymouth 0
BOTTOM OF THE 4TH
Plymouth Rocks batting - Pitching for Tremont Doubledays : RHP Bob Shepard
Batting: RHB Xi-ku See-to 0-0: Called Strike
0-1: Ball
1-1: Fly out, F8 (Flyball, 8RS)
Batting: RHB Chang-lit Min 0-0: Called Strike
0-1: Foul Ball, location: 2F
0-2: Fly out, F7 (Line Drive, 7)
Batting: LHB Jeff Lawson 0-0: Called Strike
0-1: Called Strike
0-2: Ball
1-2: Fly out, F9 (Flyball, 89S)
Bottom of the 4th over - 0 runs, 0 hits, 0 errors, 0 left on base; Tremont 1 - Plymouth 0
TOP OF THE 5TH
Tremont Doubledays batting - Pitching for Plymouth Rocks : RHP Arturo Gramer
Batting: RHB Sheldon Deshotels 0-0: Called Strike
0-1: Ball
1-1: Foul Ball, location: 2F
1-2: Ball
2-2: Ball
3-2: Foul Ball, location: 2F
3-2: Fly out, F9 (Flyball, 9)
Batting: RHB Javier De La Garza 0-0: Ball
1-0: SINGLE (Line Drive, 6M)
Batting: RHB Louis Teague 0-0: Called Strike
0-1: Called Strike
Javier De La Garza steals 2nd base
0-2: Strikes out swinging
Batting: RHB Jesús Jaramillo 0-0: Called Strike
0-1: Swinging Strike
0-2: Strikes out looking
Top of the 5th over - 0 runs, 1 hit, 0 errors, 1 left on base; Tremont 1 - Plymouth 0
BOTTOM OF THE 5TH
Plymouth Rocks batting - Pitching for Tremont Doubledays : RHP Bob Shepard
Batting: LHB Dae-ik Park 0-0: Ball
1-0: Foul Ball, location: 2F
1-1: Swinging Strike
1-2: Strikes out swinging
Batting: RHB Kazu Hishida 0-0: Ball
1-0: Ball
2-0: Called Strike
2-1: Ball
3-1: Called Strike
3-2: Base on Balls
Batting: LHB Octávio Ontiveros 0-0: Ball
1-0: TRIPLE (Flyball, 8RXD)
Kazu Hishida scores
Batting: SHB Javier Vega 0-0: Ball
1-0: Bunted foul
1-1: Squeeze Bunt - play home, runner scores, batter safe!
Octávio Ontiveros scores
Batting: RHB Alfonso Grappasonni 0-0: Ball
1-0: Ball
2-0: Reached on error, E6 (Line Drive, 6)
Javier Vega to second
Batting: LHB Jesús Guillén 0-0: Fly out, F8 (Flyball, 89XD)
Runner from 2nd tags up, SAFE at 3rd, no throw
Batting: RHB Xi-ku See-to 0-0: Ball
1-0: Ball
2-0: Called Strike
2-1: Swinging Strike
2-2: Strikes out swinging
Bottom of the 5th over - 2 runs, 1 hit, 1 error, 2 left on base; Tremont 1 - Plymouth 2
TOP OF THE 6TH
Tremont Doubledays batting - Pitching for Plymouth Rocks : RHP Arturo Gramer
Batting: RHB Jorge Rodríguez 0-0: Swinging Strike
0-1: Fly out, F7 (Flyball, 7LS)
Batting: RHB Armaan Ebrahim 0-0: Ball
1-0: Ball
2-0: Ball
3-0: Called Strike
3-1: Called Strike
3-2: Base on Balls
Batting: RHB Dan Chrzan 0-0: Called Strike
0-1: Foul Ball, location: 2F
0-2: Ball
Armaan Ebrahim steals 2nd base
1-2: Ball
2-2: Foul Ball, location: 2F
2-2: Fly out, F7 (Flyball, 7LM)
Batting: RHB Héctor Amaya 0-0: Foul Ball, location: 2F
0-1: Ball
1-1: Swinging Strike
1-2: Ball
2-2: Ball
3-2: Foul Ball, location: 2F
3-2: Foul Ball, location: 2F
3-2: Foul Ball, location: 2F
3-2: Strikes out looking
Top of the 6th over - 0 runs, 0 hits, 0 errors, 1 left on base; Tremont 1 - Plymouth 2
BOTTOM OF THE 6TH
Plymouth Rocks batting - Pitching for Tremont Doubledays : RHP Bob Shepard
Batting: RHB Chang-lit Min 0-0: Ball
1-0: SINGLE (Line Drive, 89S)
Batting: LHB Jeff Lawson 0-0: Reached on error, E5 (Groundball, 5S)
Chang-lit Min to third
Batting: LHB Dae-ik Park 0-0: Intentional Walk
Batting: RHB Kazu Hishida 0-0: Ball
1-0: Called Strike
1-1: Ball
2-1: Swinging Strike
2-2: Grounds into fielders choice 6-2 (Groundball, 6)
Jeff Lawson to third
Dae-ik Park to second
Batting: LHB Octávio Ontiveros 0-0: Called Strike
0-1: Foul Ball, location: 2F
0-2: Ball
1-2: Ball
2-2: Ball
3-2: Foul Ball, location: 2F
3-2: Base on Balls
Jeff Lawson scores
Dae-ik Park to third
Kazu Hishida to second
Batting: SHB Javier Vega 0-0: Foul Ball, location: 2F
0-1: Ball
1-1: Ball
2-1: SINGLE (Groundball, 56)
Dae-ik Park scores
Kazu Hishida to third
Octávio Ontiveros to second
Batting: RHB Alfonso Grappasonni 0-0: Foul Ball, location: 2F
0-1: Ball
1-1: Ball
2-1: Grounds into double play, 6-2-3 (Groundball, 6)
Bottom of the 6th over - 2 runs, 2 hits, 1 error, 2 left on base; Tremont 1 - Plymouth 4
TOP OF THE 7TH
Tremont Doubledays batting - Pitching for Plymouth Rocks : RHP Arturo Gramer
Batting: RHB Jeff Perkins 0-0: Swinging Strike
0-1: Swinging Strike
0-2: Strikes out swinging
Batting: RHB Sheldon Deshotels 0-0: Called Strike
0-1: Ground out U3 (Groundball, 34)
Batting: RHB Javier De La Garza 0-0: Swinging Strike
0-1: Called Strike
0-2: Ball
1-2: Fly out, F9 (Flyball, 9)
Top of the 7th over - 0 runs, 0 hits, 0 errors, 0 left on base; Tremont 1 - Plymouth 4
BOTTOM OF THE 7TH
Plymouth Rocks batting - Pitching for Tremont Doubledays : RHP Bob Shepard
Batting: LHB Jesús Guillén 0-0: Foul Ball, location: 2F
0-1: Swinging Strike
0-2: Ground out 6-3 (Groundball, 6)
Batting: RHB Xi-ku See-to 0-0: Called Strike
0-1: Ball
1-1: Ball
2-1: Ball
3-1: Ground out 6-3 (Groundball, 56D)
Batting: RHB Chang-lit Min 0-0: Called Strike
0-1: DOUBLE (Flyball, 8LXD)
Batting: LHB Jeff Lawson 0-0: Called Strike
0-1: Fly out, F7 (Flyball, 7LSF)
Bottom of the 7th over - 0 runs, 1 hit, 0 errors, 1 left on base; Tremont 1 - Plymouth 4
TOP OF THE 8TH
Tremont Doubledays batting - Pitching for Plymouth Rocks : RHP Arturo Gramer
Pitching: LHP Kyu-cheol P'yo
Batting: RHB Louis Teague 0-0: Called Strike
0-1: Ball
1-1: Fly out, F8 (Line Drive, 8LM)
Batting: RHB Jesús Jaramillo 0-0: Called Strike
0-1: Swinging Strike
0-2: Foul Ball, location: 2F
0-2: Ball
1-2: Strikes out swinging
Batting: RHB Jorge Rodríguez 0-0: Ball
1-0: Called Strike
1-1: Foul Ball, location: 2F
1-2: Strikes out looking
Top of the 8th over - 0 runs, 0 hits, 0 errors, 0 left on base; Tremont 1 - Plymouth 4
BOTTOM OF THE 8TH
Plymouth Rocks batting - Pitching for Tremont Doubledays : RHP Bob Shepard
Batting: LHB Dae-ik Park 0-0: Ball
1-0: Called Strike
1-1: Ball
2-1: SINGLE (Line Drive, 6MD)
Pitching: RHP Vinny Mariani
Batting: RHB Kazu Hishida 0-0: Bunted foul
0-1: Bunted foul
0-2: Ball
1-2: Ball
2-2: Foul Ball, location: 2F
2-2: Ball
3-2: Ground out U3 (Groundball, 23)
Dae-ik Park to second
Batting: LHB Octávio Ontiveros 0-0: Called Strike
0-1: Ball
1-1: Swinging Strike
1-2: Fly out, F8 (Flyball, 8RM)
Batting: SHB Javier Vega 0-0: Ball
1-0: Ball
2-0: Foul Ball, location: 2F
2-1: Foul Ball, location: 2F
2-2: Ground out 4-3 (Groundball, 4)
Bottom of the 8th over - 0 runs, 1 hit, 0 errors, 1 left on base; Tremont 1 - Plymouth 4
TOP OF THE 9TH
Tremont Doubledays batting - Pitching for Plymouth Rocks : LHP Kyu-cheol P'yo
Pitching: RHP Henry Henry
Batting: RHB Armaan Ebrahim 0-0: Ground out 5-3 (Groundball, 5S)
Batting: RHB Dan Chrzan 0-0: Called Strike
0-1: Fly out, F8 (Flyball, 89M)
Batting: RHB Héctor Amaya 0-0: Ball
1-0: Ball
2-0: Foul Ball, location: 2F
2-1: Foul Ball, location: 2F
2-2: Ball
3-2: Fly out, F8 (Flyball, 8LS)
Top of the 9th over - 0 runs, 0 hits, 0 errors, 0 left on base; Tremont 1 - Plymouth 4
Friday, March 29th, 2019 - OOTP Baseball 18.8 Build 76